 Dungeon Crawl Stone Soup version 0.30-a0-354-g6b83867211 (webtiles) character file.

Game seed: 2340702581831176507

2906 p00ps00p the Cleaver (level 9, -1/81 HPs)
             Began as a Hill Orc Fighter on Nov 8, 2022.
             Slain by an orc warrior
             ... wielding a +0 spear
              (9 damage)
             ... in a bailey.
             The game lasted 00:16:16 (6541 turns).

p00ps00p the Cleaver (Hill Orc Fighter)             Turns: 6541, Time: 00:16:18

Health: -1/81      AC: 13    Str: 23    XL:     9   Next: 78%
Magic:  0/9        EV: 13    Int:  8    God:
Gold:   354        SH:  6    Dex: 17    Spells: 8/8 levels left

rFire   + . .      SeeInvis +    a - +1 war axe
rCold   . . .      Faith    .    c - +0 buckler
rNeg    . . .      Spirit   +    b - +0 scale mail
rPois   .          Reflect  .    f - +1 helmet
rElec   +          Harm     .    e - +2 cloak of Baldness {rElec Will- Dex+7}
rCorr   .          Rampage  .    (no gloves)
Will    .....                    (no boots)
Stlth   ..........               p - amulet of guardian spirit
HPRegen 0.33/turn                i - ring of protection from fire
MPRegen 0.11/turn                d - ring of see invisible

@: studying Dodging
A: no striking features
a: no special abilities


You were in a bailey.
You visited 1 branch of the dungeon, and saw 8 of its levels.
You also visited: Bailey.

You collected 354 gold pieces.

Inventory:

Hand Weapons
 a - a +1 war axe (weapon)
Missiles
 n - 11 poisoned darts (quivered)
Armour
 b - a +0 scale mail (worn)
 c - a +0 buckler (worn)
 e - the +2 cloak of Baldness (worn) {rElec Will- Dex+7}
   (You acquired it on level 2 of the Dungeon)

   Dex:       It affects your dexterity (+7).
   rElec:     It insulates you from electricity.
   Will:      It decreases your willpower.
 f - a +1 helmet (worn)
 v - a +0 kite shield
Jewellery
 d - a ring of see invisible (right hand)
 i - a ring of protection from fire (left hand)
 p - an amulet of guardian spirit (around neck)
Wands
 w - a wand of paralysis (11)
Scrolls
 g - 2 scrolls of enchant weapon
 k - a scroll of poison
 q - a scroll of magic mapping
 r - 2 scrolls of fear {unknown}
Potions
 h - a potion of degeneration
 l - 2 potions of heal wounds {unknown}
 m - 2 potions of flight {unknown}
 s - a potion of magic {unknown}
 t - 3 potions of haste {unknown}


   Skills:
 + Level 8.1 Fighting
 + Level 8.4 Axes
 + Level 7.4 Armour
 + Level 5.8 Dodging
 + Level 7.4 Shields


You had 8 spell levels left.
You didn't know any spells.
Your spell library was empty.

Dungeon Overview and Level Annotations

Branches:
Dungeon (8/15)             Bailey (1/1)
 Temple: D:4-7         Lair: D:8-11

Altars:
Kikubaaqudgha

Shops:
D:8 *

Annotations:
D:5 2 runed translucent doors, bande's ghost, novice GrFi
D:8 2 transporters


Message History

Aiming: Iceblast
Press: ? - help, Q - select action, (/) - cycle Shift-Dir - straight line, f/p - orc warrior
Aim: an orc warrior, wielding a +0 arbalest and wearing a +0 ring mail (moderately wounded)
The mass of ice explodes!
The iceblast engulfs the orc warrior!
The orc warrior is severely wounded.
You hear a shout!
The orc warrior shoots a bolt.
The bolt barely misses you.
Aiming: Iceblast
Press: ? - help, Q - select action, (/) - cycle Shift-Dir - straight line, f/p - orc warrior
Aim: an orc warrior, wielding a +0 arbalest and wearing a +0 ring mail (severely wounded)
The mass of ice explodes!
The iceblast engulfs the orc warrior!
You kill the orc warrior!
The now-empty wand crumbles to dust.
You hear a shout!
Aiming: Paralyse
Press: ? - help, Q - select action, (/) - cycle Shift-Dir - straight line, f - orc warrior
Aim: an orc warrior, wielding a +0 spear and wearing a +0 chain mail (chance to affect: 49%)
The orc warrior suddenly stops moving!
Found a gate leading back out of this place.
An orc comes into view. It is wielding a +0 arbalest.
The orc shoots a bolt.
The bolt misses you.
Aiming: Paralyse
Press: ? - help, Q - select action, (/) - cycle Shift-Dir - straight line, f - orc, p - orc warrior
Aim: an orc, wielding a +0 arbalest and wearing a +0 ring mail (chance to affect: 66%)
The orc suddenly stops moving!
The orc warrior completely misses you.
Aiming: Paralyse
Press: ? - help, Q - select action, (/) - cycle Shift-Dir - straight line, f - orc warrior
Aim: an orc warrior, wielding a +0 glaive and wearing a +0 ring mail (chance to affect: 49%)
The orc warrior resists with some effort.
The orc warrior is no longer paralysed.
The orc warrior hits you from afar with a +0 glaive.
* * * LOW HITPOINT WARNING * * *
You block the orc warrior's attack.
Aiming: Paralyse
Press: ? - help, Q - select action, (/) - cycle Shift-Dir - straight line, f/p - orc warrior
Aim: an orc warrior, wielding a +0 glaive and wearing a +0 ring mail (chance to affect: 49%)
The orc warrior resists with some effort.
The orc warrior hits you from afar with a +0 spear!
You die...

###################
...................
...................
...................
...................
.............≈≈≈≈≈.
...........@≈≈#
.........o..≈##
.........o.......
o...........≈#∩.#
.#######..).≈##.#
##....##....≈≈≈.≈≈
#.....##..)........
#..#'''##........
.. #..##oo∩#
..##...


You could see 2 orc warriors.

Vanquished Creatures
  Eustachio (D:4)
  A yak (D:4)
  2 water moccasins
  6 orc warriors (Bailey)
  2 ice beasts
  A phantom (D:5)
  A centaur (D:5)
  2 bullfrogs
  2 necrophages
  3 scorpions
  5 wights
  6 killer bees (D:8)
  2 jellies (D:5)
  An orc priest (D:5)
  A gnoll bouda (D:8)
  3 hounds
  3 iguanas
  An orc wizard (D:5)
  3 gnolls (D:8)
  12 adders
  An ufetubus (D:5)
  3 dart slugs
  20 orcs
  5 bats
  8 endoplasms
  2 giant cockroaches
  6 goblins
  6 hobgoblins
  12 jackals
  8 kobolds
  10 ball pythons
  4 frilled lizards
  6 rats
149 creatures vanquished.

Notes
Turn   | Place    | Note
-------+----------+-------------------------------------------
     0 | D:1      | p00ps00p the Hill Orc Fighter began the quest for the Orb.
     0 | D:1      | Reached XP level 1. HP: 19/19 MP: 1/1
   147 | D:1      | Reached XP level 2. HP: 27/27 MP: 2/2
   574 | D:1      | Reached XP level 3. HP: 33/33 MP: 3/3
  1052 | D:2      | Identified a scroll of acquirement
  1053 | D:2      | Acquired the +2 cloak of Baldness {rElec Will- Dex+7}
  1130 | D:2      | Identified the +0 cloak "Ijoemp" {rCorr}
  1232 | D:2      | Reached XP level 4. HP: 39/40 MP: 4/4
  2148 | D:3      | Found an ancient bone altar of Kikubaaqudgha.
  2311 | D:3      | Noticed an ice beast
  2322 | D:3      | Killed an ice beast
  2323 | D:3      | Reached XP level 5. HP: 47/47 MP: 5/5
  2916 | D:4      | Noticed Eustachio
  3138 | D:4      | Killed Eustachio
  3139 | D:4      | Reached skill level 5 in Fighting
  3139 | D:4      | Reached skill level 5 in Axes
  3139 | D:4      | Reached XP level 6. HP: 54/56 MP: 6/6
  3227 | D:4      | Reached skill level 5 in Armour
  3227 | D:4      | Reached skill level 5 in Shields
  3240 | D:4      | Noticed a yak
  3262 | D:3      | Reached XP level 7. HP: 61/61 MP: 7/7
  3585 | D:4      | Killed a yak
  3586 | D:4      | Reached skill level 1 in Dodging
  4132 | D:5      | Entered Level 5 of the Dungeon
  4155 | D:5      | Reached XP level 8. HP: 52/70 MP: 5/8
  4686 | D:5      | Found a large runed translucent door.
  4686 | D:5      | Found a large runed translucent door.
  4688 | D:5      | Noticed bande's ghost (novice GrFi)
  5205 | D:6      | You fall into a shaft and drop 2 floors!
  5268 | D:8      | Reached XP level 9. HP: 57/79 MP: 6/9
  5539 | D:8      | Found a transporter.
  5544 | D:8      | Found a transporter.
  5601 | D:8      | Found Nuerph's General Store.
  5619 | D:8      | Reached skill level 5 in Dodging
  5635 | D:7      | Found a flagged portal.
  5780 | Bailey   | Entered a bailey
  6516 | Bailey   | Found the +2 hat of the Bear Spirit {Spirit, *Rage Will++}
  6516 | Bailey   | Noticed an orc knight
  6516 | Bailey   | Noticed an orc knight
  6541 | Bailey   | Slain by an orc warrior

Illustrated notes

Levels and vault maps discovered:
D:1:      dpeg_arrival_arbitrary_a, layout_loops_corners
D:2:      layout_basic, minivault_26
D:3:      layout_rooms, mainiacjoe_overflow_tiny_flanked,
          chequers_hall_statues_wall_a, wander_ebering_terrifying_dragon_lair
D:4:      layout_basic, minmay_manual_macuahuitl, uniq_eustachio
D:5:      layout_loops_cross, ebering_ghost_disaster_area
D:6:      layout_loops_corners, minmay_temple_entry_glass
D:7:      layout_loops_ring, okawaru_metal_pillars_1_2, enter_bailey_2,
          kennysheep_generic_room_13
D:8:      layout_basic, kennysheep_mini_moat, serial_shops, shop_fountains,
          serial_nicolae_subway, nicolae_sub_station_crystal,
          nicolae_sub_station_metal, nicolae_sub_station_stone
Bailey:   bailey_polearm_2, bailey

Skill      XL: |  1  2  3  4  5  6  7  8  9 |
---------------+----------------------------+-----
Axes           | 3 4 5 6 7 8 |  8.4
Fighting       | 4 5 6 7 8 |  8.1
Shields        | 4 5 6 7 |  7.4
Armour         | 4 5 6 7 |  7.4
Dodging        | 2 4 5 |  5.8

Action                   |  1- 3 |  4- 6 |  7- 9 || total
-------------------------+-------+-------+-------++-------
Melee: War axe           |    94 |   134 |   277 ||   505
Evoke: Wand              |       |       |    23 ||    23
  Use: Scroll            |     3 |     8 |     4 ||    15
       Potion            |       |     3 |     3 ||     6
Armor: Scale mail        |    56 |    94 |   142 ||   292
Dodge: Dodged            |    60 |    80 |   186 ||   326
Block: Buckler           |    29 |    55 |   117 ||   201

Table legend: (Time is in decaauts)
 A = Elapsed time spent in this place.
 B = Non-inter-level travel time spent in this place.
 C = Inter-level travel time spent in this place.
 D = Time resting spent in this place.
 E = Time spent auto-exploring this place.
 F = Levels seen in this place.
 G = Mean time per level.
                   A        B        C        D        E       F      G
               +--------+--------+--------+--------+--------+-----+--------+
         Total |   6677 |   6532 |    145 |   2049 |   2747 |   9 |  741.9 |
       Dungeon |   5914 |   5769 |    145 |   1419 |   2729 |   8 |  739.2 |
        Bailey |    763 |    763 |      0 |    630 |     18 |   1 |  763.0 |
               +--------+--------+--------+--------+--------+-----+--------+

Top non-repeatable levels by time:
     D:4: 1693 daAuts
     D:1: 1075 daAuts
     D:5: 1032 daAuts
     D:3: 930 daAuts
  Bailey: 763 daAuts
     D:2: 531 daAuts
     D:8: 441 daAuts
     D:7: 146 daAuts
     D:6: 62 daAuts
